 Dungeon Crawl Stone Soup version 0.19-a0-1071-g4ed3155 (webtiles) character file.

2761 4thArraOfDagon the Basher (level 9, -5/80 HPs)
             Began as a Troll Berserker on Aug 5, 2016.
             Was a Priest of Trog.
             Slain by an orc warrior
             ... wielding a +0 mace
              (12 damage)
             ... on level 10 of the Dungeon.
             The game lasted 00:12:33 (2389 turns).

4thArraOfDagon the Basher (Troll Berserker)         Turns: 2389, Time: 00:12:34

Health: -5/80      AC:  7    Str: 27    XL:     9   Next: 42%
Magic:  8/8        EV: 10    Int:  4    God:    Trog [***...]
Gold:   268        SH:  0    Dex: 11    Spells: 0 memorised, 8 levels left

rFire  . . .     SeeInvis .     x - +0 giant club
rCold  . . .     Gourm    +     b - +0 animal skin
rNeg   . . .     Faith    .     (shield currently unavailable)
rPois  .         Spirit   .     (helmet restricted)
rElec  .         Dismiss  .     B - +1 cloak
rCorr  .         Reflect  .     (gloves unavailable)
SustAt .         Harm     .     (boots unavailable)
MR     +++..     Rnd*Tele +     (no amulet)
Stlth  +.........               c - ring of teleportation (curse)
                                d - ring of protection from magic

@: exhausted, about to teleport, regenerating, hasted and slowed
A: unfitting armour, claws 3, fast metabolism 3, gourmand, regeneration 2,
shaggy fur 1, tough skin 2
a: Berserk, Trog's Hand, Burn Spellbooks, Renounce Religion


You were on level 10 of the Dungeon.
You worshipped Trog.
Trog was most pleased with you.
You were very full.

You visited 1 branch of the dungeon, and saw 9 of its levels.

You collected 268 gold pieces.

Inventory:

Hand Weapons
 a - a +0 mace
 x - a +0 giant club (weapon)
Armour
 b - a +0 animal skin (worn)
 B - a +1 cloak (worn)
Jewellery
 c - a cursed ring of teleportation (right claw)
 d - a ring of protection from magic (left claw)
 y - an uncursed ring of magical power
Wands
 q - a wand of polymorph (10/24)
 z - a wand of flame (19/48)
 C - a wand of acid (12/15)
 D - a wand of flame (30/48)
 E - a wand of random effects (10/48)
Scrolls
 e - 2 scrolls of teleportation
 k - 3 scrolls of enchant armour
 l - 2 scrolls of amnesia {unknown}
 m - 2 scrolls of identify
 o - a scroll of magic mapping {unknown}
 r - a scroll of fear {unknown}
 t - 2 scrolls of immolation {unknown}
 u - 2 scrolls of random uselessness {unknown}
 v - a scroll of recharging {unknown}
 w - 3 scrolls of remove curse {unknown}
Potions
 f - a potion of haste
 g - a potion of cancellation {unknown}
 h - a potion of curing {unknown}
 j - a potion of heal wounds {unknown}
 n - a potion of berserk rage {unknown}
 p - 2 potions of brilliance {unknown}
 s - a potion of invisibility {unknown}
 A - a potion of flight {unknown}
Comestibles
 i - 3 meat rations


   Skills:
 - Level 2.5 Fighting
 * Level 11.9 Maces & Flails
 - Level 2.4 Dodging


You had 8 spell levels left.
You didn't know any spells.

Dungeon Overview and Level Annotations

Branches:
Dungeon (10/15)            Temple (0/1) D:7
   Lair: D:8-11         Orc: D:9-12

Altars:
Elyvilon
Ru
Vehumet
Zin
The Shining One


Innate Abilities, Weirdness & Mutations

You are too large for most types of armour.
You have claws for hands.
Your metabolism is lightning-fast.
You like to eat raw meat.
You heal very quickly.
You are covered in fur. (AC +1)
You have very tough skin. (AC +2)


Message History

Unknown command.
Your skin crawls.
You feel resistant to hostile enchantments.
You feel somewhat less full. The orc hits you but does no damage.
The orc priest mumbles some strange prayers to Beogh against you.
Beogh smites you!
* * * LOW HITPOINT WARNING * * *
The orc hits you with a hand axe!
* * * LOW HITPOINT WARNING * * *
The orc barely misses you. The orc hits you with a hand axe!
* * * LOW HITPOINT WARNING * * *
As you read the scroll of teleportation, it crumbles to dust.
You feel strangely unstable. The orc hits you with a dagger.
* * * LOW HITPOINT WARNING * * *
The orc warrior closely misses you. The orc barely misses you.
Unknown command.
Unknown command.
It was a potion of haste.
You feel yourself speed up. The orc hits you but does no damage.
The orc warrior hits you with a mace!
You die...

#....#............ >..
#....#............ ...
#....'..########## ....
##....#..#
.....#.....#..#
.....#''##.#..#
.....oo.......##
.....oooo).....#
##+####@o.....<########+
#.................
#...........#'####
#)..........#....#
######.......##+##....#
#.)).........#........#
####.........#........#
#.........#........#
####.........#........#


You could see an orc warrior, 2 orc priests, an orc wizard and 3 orcs.

Vanquished Creatures
  A hill giant (D:10)
  A hungry ghost (D:9)
  Menkaure (D:5)
  A hippogriff (D:8)
  2 orc warriors (D:10)
  An ogre (D:8)
  A centaur (D:8)
  A big kobold (D:9)
  8 giant frogs
  A gnoll sergeant (D:9)
  A water moccasin skeleton (D:8)
  2 howler monkeys
  4 crimson imps
  A centaur zombie (D:8)
  A giant frog zombie (D:7)
  2 quasits (D:8)
  2 hounds
  3 jellies
  A giant frog skeleton (D:5)
  A centaur skeleton (D:5)
  An iguana (D:10)
  6 orc wizards
  A worker ant (D:7)
  2 worker ant zombies
  5 gnolls (D:9)
  A howler monkey skeleton (D:9)
  2 adders
  An ooze (D:3)
  An adder skeleton (D:5)
  2 worms
  2 dart slugs
  A giant gecko (D:8)
  9 orcs
  A giant cockroach (D:2)
  2 goblins
  A hobgoblin (D:2)
  3 kobolds (D:9)
  2 quokkas
  A ball python (D:7)
  A bat (D:3)
  2 giant newts
  A rat (D:2)
84 creatures vanquished.

Vanquished Creatures (others)
  A giant newt (D:3)
1 creature vanquished.

Grand Total: 85 creatures vanquished

Notes
Turn   | Place    | Note
-------+----------+-------------------------------------------
     0 | D:1      | 4thArraOfDagon the Troll Berserker began the quest for the Orb.
     0 | D:1      | Reached XP level 1. HP: 22/22 MP: 0/0
     0 | D:1      | macetroll
     0 | D:1      | lets see
    42 | D:2      | Found a faded altar of an unknown god.
    64 | D:2      | Reached skill level 3 in Maces & Flails
    64 | D:2      | Reached XP level 2. HP: 11/29 MP: 1/1
   153 | D:2      | Found a glowing silver altar of Zin.
   361 | D:3      | Found a radiant altar of Vehumet.
   516 | D:3      | Reached XP level 3. HP: 36/36 MP: 2/2
   548 | D:5      | Entered Level 5 of the Dungeon
   581 | D:5      | Reached skill level 4 in Maces & Flails
   608 | D:5      | Reached XP level 4. HP: 39/44 MP: 3/3
   648 | D:5      | Reached skill level 5 in Maces & Flails
   664 | D:5      | Reached XP level 5. HP: 19/50 MP: 4/4
   680 | D:5      | Noticed Menkaure
   705 | D:5      | Killed Menkaure
   705 | D:5      | Reached skill level 6 in Maces & Flails
   705 | D:5      | Reached XP level 6. HP: 38/59 MP: 5/5
   780 | D:5      | Found a glowing golden altar of the Shining One.
   793 | D:5      | You fall through a shaft for 2 floors!
   860 | D:7      | Found a staircase to the Ecumenical Temple.
   948 | D:8      | HP: 4/88 [ogre/giant club (12)]
   950 | D:8      | Reached skill level 7 in Maces & Flails
  1121 | D:8      | Reached XP level 7. HP: 51/66 MP: 6/6
  1132 | D:8      | Found a white marble altar of Elyvilon.
  1177 | D:8      | Reached ** piety under Trog
  1262 | D:8      | Reached skill level 8 in Maces & Flails
  1384 | D:8      | Noticed a hippogriff
  1389 | D:8      | Killed a hippogriff
  1389 | D:8      | Reached skill level 9 in Maces & Flails
  1389 | D:8      | Reached XP level 8. HP: 37/74 MP: 7/7
  1518 | D:9      | HP: 2/74 [giant frog (5)]
  1592 | D:9      | 4thArraOfDagon: stop
  1592 | D:9      | 4thArraOfDagon: please leave
  1638 | D:9      | RTOFL
  1714 | D:9      | Reached skill level 10 in Maces & Flails
  1802 | D:9      | Found a sacrificial altar of Ru.
  1969 | D:10     | Entered Level 10 of the Dungeon
  2006 | D:10     | Noticed a hill giant
  2013 | D:10     | Killed a hill giant
  2013 | D:10     | Reached skill level 11 in Maces & Flails
  2013 | D:10     | Reached XP level 9. HP: 69/80 MP: 8/8
  2077 | D:9      | 4thArraOfDagon: leava
  2260 | D:10     | Reached *** piety under Trog
  2389 | D:10     | Slain by an orc warrior

Vault maps used:
D:1:      sevenhm_arrival_forest_fort_small_3, glass_columns_a
D:2:      zin_academy, first_bread, ecumenical_altar_1
D:3:      lemuel_blue_sif_altar, lightli_temple_of_fire, fiery_altar_vehumet,
          uniq_grinder, uniq_iyjb
D:4:      serial_bayou_lagoon_a, kennysheep_generic_room_9
D:5:      trog_eyes_of_draining, nicolae_tso_swordbearing_angel,
          minmay_strange_pillars, uniq_menkaure
D:8:      marbit_many_paths, kennysheep_mini
D:9:      hangedman_ru_absence
D:10:     minmay_goldmine, david_orc_4

Skill      XL: |  1  2  3  4  5  6  7  8 |
---------------+-------------------------+-----
Maces & Flails | 3 4 5 6 7 9 11 | 11.9
Fighting       | |  2.5
Dodging        | |  2.4

Action                   |  1- 3 |  4- 6 |  7- 9 || total
-------------------------+-------+-------+-------++-------
Melee: Mace              |    18 |       |       ||    18
       Unarmed           |    44 |    97 |   113 ||   254
       Giant club        |       |     4 |   247 ||   251
Invok: Berserk           |     1 |     3 |     5 ||     9
       Trog's Hand       |       |       |     3 ||     3
       Burn Spellbooks   |       |       |     1 ||     1
Evoke: Wand              |       |     1 |       ||     1
  Use: Scroll            |       |       |     5 ||     5
       Potion            |       |       |     1 ||     1
  Eat: Chunk             |     6 |     9 |    32 ||    47
       Bread ration      |       |       |     3 ||     3
Armor: Animal skin       |    21 |    23 |   193 ||   237
Dodge: Dodged            |    34 |    38 |   223 ||   295
